 Dungeon Crawl Stone Soup version 0.32-a0-558-g233958a4c4 (webtiles) character file.

Game seed: 16920947244411032142

1 Dirtsage the Shooter (level 1, 0/16 HPs)
             Began as a Demonspawn Hunter on Mar 1, 2024.
             Slain by a jackal (1 damage)
             ... on level 1 of the Dungeon.
             The game lasted 00:00:08 (22 turns).

Dirtsage the Shooter (Demonspawn Hunter)              Turns: 22, Time: 00:00:09

Health: 0/16       AC:  3    Str: 11    XL:     1   Next: 16%
Magic:  1/1        EV: 11    Int:  9    God:
Gold:   0          SH:  0    Dex: 16    Spells: 0/0 levels left

rFire   . . .        a - +0 shortbow
rCold   . . .        (shield currently unavailable)
rNeg    . . .        c - +0 leather armour
rPois   .            (no helmet)
rElec   .            (no cloak)
rCorr   .            (no gloves)
SInv    .            (no boots)
Will    .....        (no amulet)
Stlth   +            (no ring)
HPRegen 0.22/turn    (no ring)
MPRegen 0.07/turn

%: no passive effects
@: no status effects
A: no striking features
a: no special abilities


You were on level 1 of the Dungeon.
You visited 1 branch of the dungeon, and saw 1 of its levels.

Inventory:

Hand Weapons
 a - a +0 shortbow (weapon)
Armour
 c - a +0 leather armour (worn)
Scrolls
 b - a scroll of butterflies


   Skills:
 - Level 2.0 Fighting
 + Level 3.6 Ranged Weapons
 - Level 1.7 Dodging
 - Level 0.8 Stealth


You couldn't memorise any spells.
You didn't know any spells.
Your spell library was empty.

Dungeon Overview and Level Annotations

Branches:
Dungeon (1/15)

Altars:


Message History

You are too injured to fight recklessly!
You are too injured to fight recklessly!
You are too injured to fight recklessly!
You are too injured to fight recklessly!
You are too injured to fight recklessly!
You are too injured to fight recklessly!
You are too injured to fight recklessly!
The jackal attacks as it pursues you! The jackal barely misses you.
The jackal attacks as it pursues you! The jackal closely misses you.
You are too injured to fight recklessly!
You are too injured to fight recklessly!
You shoot an arrow. The arrow closely misses the jackal.
The jackal closely misses you. The jackal misses you.
The jackal barely misses you.
The jackal bites you but does no damage.
The jackal closely misses you. The jackal bites you.
You take 1 damage, and have 10/16 hp.
You shoot an arrow. The arrow closely misses the jackal.
The jackal bites you. The jackal closely misses you. The jackal bites you.
* * * LOW HITPOINT WARNING * * *
The jackal bites you but does no damage.
The jackal bites you.
* * * LOW HITPOINT WARNING * * *
The jackal bites you but does no damage.
You take 7 damage, and have 3/16 hp.
MASSIVE DAMAGE!!
You shoot an arrow. The arrow closely misses the jackal.
A kobold comes into view. It is wielding a +0 whip.
The jackal bites you but does no damage.
The jackal misses you. The jackal bites you.
* * * LOW HITPOINT WARNING * * *
You shoot an arrow. The arrow hits the jackal.
You kill the jackal!
The jackal closely misses you. x2; The jackal bites you.
* * * LOW HITPOINT WARNING * * *
The jackal bites you.
* * * LOW HITPOINT WARNING * * *
You take 2 damage, and have 1/16 hp.
You shoot an arrow. The arrow closely misses the jackal.
The arrow closely misses the kobold.
The jackal bites you.
You die...

.............#
.............#
#####.<.##..#
#...##..#
#.......#
#.>.....#
#.......#
#..###..# #..#
#@.# ....#
#hh# .. #K.#
...# ....#
.....# ####..#
#..# #...


You could see 2 jackals and a kobold.

Vanquished Creatures
  A jackal (D:1)
1 creature vanquished.

Notes
Turn   | Place    | Note
-------+----------+-------------------------------------------
     0 | D:1      | Dirtsage the Demonspawn Hunter began the quest for the Orb.
     0 | D:1      | Reached XP level 1. HP: 16/16 MP: 1/1
    22 | D:1      | Slain by a jackal

Illustrated notes

Levels and vault maps discovered:
D:1:      dpeg_arrival_boxorama, layout_basic, chequers_serial_rivers_micro_b

Action                     || total
---------------------------++-------
   Fire: Shortbow          ||    10
 Armour: Leather armour    ||    17
  Dodge: Dodged            ||    13

Table legend: (Time is in decaauts)
 A = Elapsed time spent in this place.
 B = Non-inter-level travel time spent in this place.
 C = Inter-level travel time spent in this place.
 D = Time resting spent in this place.
 E = Time spent auto-exploring this place.
 F = Levels seen in this place.
 G = Mean time per level.
                   A        B        C        D        E       F      G
               +--------+--------+--------+--------+--------+-----+--------+
         Total |     24 |     24 |      0 |      0 |     11 |   1 |   24.0 |
       Dungeon |     24 |     24 |      0 |      0 |     11 |   1 |   24.0 |
               +--------+--------+--------+--------+--------+-----+--------+

Top non-repeatable levels by time:
     D:1: 24 daAuts
